 Dungeon Crawl Stone Soup version 0.28-a0-1233-g92def6ad0a (webtiles) character file.

Game seed: 2244762810911684628

19 Grim the Chucker (level 2, 0/29 HPs)
             Began as an Ogre Hunter on Dec 23, 2021.
             Slain by a bat (1 damage)
             ... on level 1 of the Dungeon.
             The game lasted 00:01:30 (616 turns).

Grim the Chucker (Ogre Hunter)                       Turns: 616, Time: 00:01:31

Health: 0/29       AC:  3    Str: 15    XL:     2   Next: 75%
Magic:  2/2        EV:  9    Int: 12    God:
Gold:   12         SH:  0    Dex:  9    Spells: 1/1 levels left

rFire   . . .      SeeInvis .   g - +0 club
rCold   . . .      Faith    .   (no shield)
rNeg    . . .      Spirit   .   b - +0 robe
rPois   .          Reflect  .   (helmet restricted)
rElec   .          Harm     .   (no cloak)
rCorr   .          Rampage  .   (gloves unavailable)
Will    .....                   (boots unavailable)
Stlth   +.........              (no amulet)
HPRegen 0.09/turn               (no ring)
MPRegen 0.08/turn               (no ring)

@: no status effects
A: large, unfitting armour, tough skin 1
a: no special abilities


You were on level 1 of the Dungeon.
You visited 1 branch of the dungeon, and saw 1 of its levels.

You collected 12 gold pieces.

Inventory:

Hand Weapons
 g - a +0 club (weapon)
Missiles
 c - 5 large rocks (quivered)
 d - 2 throwing nets
Armour
 b - a +0 robe (worn)
Scrolls
 a - a scroll of silence {unknown}
Potions
 e - a potion of flight {unknown}
 f - a potion of lignification {unknown}


   Skills:
 - Level 2.6 Fighting
 - Level 0.1 Short Blades
 * Level 0.4 Maces & Flails
 - Level 4.6 Throwing
 - Level 1.7 Dodging
 + Level 0.7 Stealth


You had one spell level left.
You didn't know any spells.
Your spell library was empty.

Dungeon Overview and Level Annotations

Branches:
Dungeon (1/15)

Altars:


Innate Abilities, Weirdness & Mutations

You are too large for most types of armour.
You have tough skin. (AC +1)


Message History

The endoplasm barely misses you.
You hit the endoplasm.
The endoplasm is moderately wounded.
The bat hits you but does no damage. The bat misses you.
The endoplasm hits you but does no damage.
You barely miss the endoplasm.
The endoplasm is moderately wounded.
The bat hits you but does no damage. The endoplasm barely misses you.
You hit the endoplasm but do no damage.
The endoplasm is moderately wounded.
The bat hits you but does no damage. The endoplasm freezes you.
You are frozen.
* * * LOW HITPOINT WARNING * * *
The bat closely misses you.
You hit the endoplasm but do no damage.
The endoplasm is moderately wounded.
The bat closely misses you. The bat hits you but does no damage.
The endoplasm hits you.
* * * LOW HITPOINT WARNING * * *
The endoplasm hits you.
* * * LOW HITPOINT WARNING * * *
You barely miss the endoplasm.
The endoplasm is moderately wounded.
The bat hits you.
* * * LOW HITPOINT WARNING * * *
The endoplasm misses you.
You hit the endoplasm.
The endoplasm is severely wounded.
The bat closely misses you. The endoplasm freezes you.
You are frozen.
* * * LOW HITPOINT WARNING * * *
The bat closely misses you.
A quokka comes into view.
The bat hits you but does no damage.
The quokka moves out of view.
The bat hits you but does no damage. The quokka bites you.
* * * LOW HITPOINT WARNING * * *
The bat hits you.
You die...

#.#.#...#.###....##
#.#.#...#...##.#..#####
######.#.#.....#....#..)†..#
..............##.#.##.####.####
#........#.#..#)...#..# #.....
#.####.#.#.#..#.##...## #.####
##.####..†#.#.....###.# #.####
>...........#..#......# #....#
...##...#.#.#..@...#### #.##.#
........#.#.#Jb#r#.# #.##..
......#.#.#.#..#.#.# . #.....
......:...†.#..###.#.. #####.
......#...#.##........ #.
...................... ....
.............$........ ###.
...##.#............... #.
......##.............. ..


You could see an endoplasm, a quokka and a bat.

Vanquished Creatures
  3 ball pythons (D:1)
  An endoplasm (D:1)
  2 giant cockroaches (D:1)
  3 goblins (D:1)
  2 jackals (D:1)
  2 bats (D:1)
  3 frilled lizards (D:1)
  A kobold (D:1)
  A rat (D:1)
18 creatures vanquished.

Notes
Turn   | Place    | Note
-------+----------+-------------------------------------------
     0 | D:1      | Grim the Ogre Hunter began the quest for the Orb.
     0 | D:1      | Reached XP level 1. HP: 22/22 MP: 1/1
   164 | D:1      | Reached XP level 2. HP: 29/29 MP: 2/2
   616 | D:1      | HP: 1/29 [quokka (3)]
   616 | D:1      | Slain by a bat

Illustrated notes

Levels and vault maps discovered:
D:1:      saegor_arrival_simple_e, layout_basic, minmay_pentomino_s4

Action                   || total
-------------------------++-------
Melee: Short sword       ||    45
       Club              ||    43
Armor: Robe              ||    54
Dodge: Dodged            ||    52

Table legend: (Time is in decaauts)
 A = Elapsed time spent in this place.
 B = Non-inter-level travel time spent in this place.
 C = Inter-level travel time spent in this place.
 D = Time resting spent in this place.
 E = Time spent auto-exploring this place.
 F = Levels seen in this place.
 G = Mean time per level.
                   A        B        C        D        E       F      G
               +--------+--------+--------+--------+--------+-----+--------+
         Total |    632 |    632 |      0 |    240 |    209 |   1 |  632.0 |
       Dungeon |    632 |    632 |      0 |    240 |    209 |   1 |  632.0 |
               +--------+--------+--------+--------+--------+-----+--------+

Top non-repeatable levels by time:
     D:1: 632 daAuts
